[Event "GER-ch Youth U12 2019"]
[Site "Willingen"]
[Date "2019.06.14"]
[Round "8.14"]
[White "Krueger, Arthur"]
[Black "Rempe, Jonas"]
[Result "1/2-1/2"]
[ECO "E67"]
[WhiteElo "1613"]
[BlackElo "1781"]
[Annotator "NA"]
[PlyCount "55"]
[EventDate "2019.06.07"]
[EventType "swiss"]
[EventRounds "9"]
[EventCountry "GER"]
[SourceTitle "playchess.com"]
[Source "ChessBase"]
[SourceQuality "1"]
[TimeControl "40/4500+30:900+30"]

1. d4 Nf6 2. c4 g6 3. Nc3 Bg7 4. Nf3 O-O 5. g3 d6 6. Bg2 Nbd7 7. O-O c6 8. Qc2 Qc7 9. e4 e5 10. d5 Nb6 11. dxc6 bxc6 12. b3 d5 13. Ba3 Re8 14. exd5 cxd5 15. Nb5 Qc6 16. Nd6 Re6 17. Rac1 Bd7 18. Ng5 Re7 19. cxd5 Qxc2 20. Rxc2 Nfxd5 21. Rd1 Be6 22. Rcd2 Bh6 23. Nf5 gxf5 24. Bxe7 Re8 25. Bxd5 Nxd5 26. Rxd5 Bxd5 27. Rxd5 Rxe7 28. Nf3 {[%emt 0:00:13] normal} 1/2-1/2

[Event "GER-ch Youth U12 2019"]
[Site "Willingen"]
[Date "2019.06.14"]
[Round "8.15"]
[White "Hoettler, Alexander Walter"]
[Black "Bungarten, Jona"]
[Result "0-1"]
[ECO "C58"]
[WhiteElo "1802"]
[BlackElo "1642"]
[Annotator "NA"]
[PlyCount "44"]
[EventDate "2019.06.07"]
[EventType "swiss"]
[EventRounds "9"]
[EventCountry "GER"]
[SourceTitle "playchess.com"]
[Source "ChessBase"]
[SourceQuality "1"]
[TimeControl "40/4500+30:900+30"]

1. e4 e5 2. Nf3 Nc6 3. Bc4 Nf6 4. Ng5 d5 5. exd5 Na5 6. Bb5+ c6 7. dxc6 bxc6 8. Qf3 Rb8 9. Bd3 Bd6 10. O-O Bg4 11. Qe3 Nd5 12. Qe1 Qxg5 13. Be4 O-O 14. Bxd5 cxd5 15. d4 Qd8 16. dxe5 Re8 17. f4 Bc5+ 18. Kh1 Bf5 19. Qg3 {[%emt 0:07:56] normal} Rb6 20. Bd2 {[%emt 0:02:20] normal} Rg6 21. Qe1 Nc4 {[%emt 0:00:26] normal} 22. b3 Be4 {[%emt 0:00:34] normal} 0-1

[Event "GER-ch Youth U12 2019"]
[Site "Willingen"]
[Date "2019.06.15"]
[Round "9.1"]
[White "Foerster-Yialamas, Lucas"]
[Black "Costa, Leonardo"]
[Result "1/2-1/2"]
[ECO "B06"]
[WhiteElo "1981"]
[BlackElo "1933"]
[Annotator "NA"]
[PlyCount "78"]
[EventDate "2019.06.07"]
[EventType "swiss"]
[EventRounds "9"]
[EventCountry "GER"]
[SourceTitle "playchess.com"]
[Source "ChessBase"]
[SourceQuality "1"]
[TimeControl "40/4500+30:900+30"]

1. e4 g6 2. d4 Bg7 3. Nc3 d6 4. Nf3 a6 5. a4 b6 6. Bc4 e6 7. O-O Ne7 8. Bf4 O-O 9. Qd2 Bb7 10. Bh6 d5 11. Bxg7 Kxg7 12. exd5 Nxd5 13. Nxd5 Bxd5 14. Bxd5 Qxd5 15. Qf4 Nd7 16. Rfe1 Rac8 17. Rac1 b5 18. axb5 axb5 19. Ra1 c5 20. c3 Nf6 21. dxc5 Qxc5 22. Qd4 Rfd8 23. Qxc5 Rxc5 24. Ra7 Rd7 25. Rxd7 Nxd7 26. Kf1 Kf6 27. Re4 Nb6 28. Ne1 Rc4 29. Re3 Nd5 30. Rf3+ Ke7 31. Nd3 f6 32. Ke2 e5 33. Rh3 h5 34. Kd2 Ke6 35. b4 Nf4 36. Nxf4+ Rxf4 37. Ke2 Rg4 38. Kf1 e4 39. Re3 Kd5 {[%emt 0:00:41] normal} 1/2-1/2

[Event "GER-ch Youth U12 2019"]
[Site "Willingen"]
[Date "2019.06.15"]
[Round "9.2"]
[White "Bakiev, Diyor"]
[Black "Stork, Christopher"]
[Result "1/2-1/2"]
[ECO "C77"]
[WhiteElo "2123"]
[BlackElo "1817"]
[Annotator "ChessBase"]
[PlyCount "64"]
[EventDate "2019.06.07"]
[EventType "swiss"]
[EventRounds "9"]
[EventCountry "GER"]
[SourceTitle "playchess.com"]
[Source "ChessBase"]
[SourceQuality "1"]
[TimeControl "40/4500+30:900+30"]

1. e4 e5 2. Nf3 Nc6 3. Bb5 a6 4. Ba4 Nf6 5. Qe2 d6 6. O-O Be7 7. c3 Bd7 8. d3 O-O 9. Rd1 h6 10. Nbd2 b5 11. Bc2 Bg4 12. h3 Bh5 13. Nf1 Re8 14. g4 Bg6 15. Ng3 d5 16. Kh2 Bc5 17. Rg1 d4 18. a3 a5 19. Nf5 dxc3 20. bxc3 Qd7 21. N3h4 Bf8 22. Qf3 Nh7 23. Rb1 Nd8 24. Nxg6 fxg6 25. Nh4 g5 26. Nf5 Ne6 27. Bb3 Kh8 28. Bxe6 Rxe6 29. Bb2 Nf6 30. Rge1 Rae8 31. Re2 c5 32. Rbe1 {[%emt 0:05:05] normal} Qc6 {[%emt 0:01:55] normal} 1/2-1/2

[Event "GER-ch Youth U12 2019"]
[Site "Willingen"]
[Date "2019.06.15"]
[Round "9.3"]
[White "Kluehs, Gustaf"]
[Black "Fuchs, Florian"]
[Result "1/2-1/2"]
[ECO "A04"]
[WhiteElo "1705"]
[BlackElo "2235"]
[Annotator "ChessBase"]
[PlyCount "49"]
[EventDate "2019.06.07"]
[EventType "swiss"]
[EventRounds "9"]
[EventCountry "GER"]
[SourceTitle "playchess.com"]
[Source "ChessBase"]
[SourceQuality "1"]
[TimeControl "40/4500+30:900+30"]

1. Nf3 c5 2. g3 Nc6 3. Bg2 e5 4. d3 Nge7 5. c4 d6 6. O-O g6 7. Nc3 Bg7 8. Bd2 O-O 9. Rb1 h6 10. a3 a5 11. b3 Be6 12. Nb5 f5 13. Qc1 Kh7 14. b4 axb4 15. axb4 Qd7 16. Ne1 Rab8 17. Nc2 g5 18. f4 exf4 19. gxf4 g4 20. bxc5 dxc5 21. Be3 b6 22. Kh1 Ng6 23. Bf2 h5 24. Rb3 h4 25. Kg1 {[%emt 0:00:04] normal} 1/2-1/2

[Event "GER-ch Youth U12 2019"]
[Site "Willingen"]
[Date "2019.06.15"]
[Round "9.4"]
[White "Reichmann, Felix"]
[Black "von Mettenheim, Johannes"]
[Result "0-1"]
[ECO "A10"]
[WhiteElo "1725"]
[BlackElo "1757"]
[Annotator "NA"]
[PlyCount "92"]
[EventDate "2019.06.07"]
[EventType "swiss"]
[EventRounds "9"]
[EventCountry "GER"]
[SourceTitle "playchess.com"]
[Source "ChessBase"]
[SourceQuality "1"]
[TimeControl "40/4500+30:900+30"]

1. c4 b6 2. Nf3 Bb7 3. g3 Bxf3 4. exf3 c5 5. Bg2 Nc6 6. O-O g6 7. Nc3 Bg7 8. f4 e6 9. b3 Nge7 10. Bb2 O-O 11. Rb1 d5 12. d3 Qd7 13. Re1 Rad8 14. a3 dxc4 15. dxc4 Qxd1 16. Nxd1 Nd4 17. Ne3 Nef5 18. Be4 Rd6 19. Nxf5 gxf5 20. Bxd4 Rxd4 21. Bf3 Rd2 22. Red1 Ra2 23. a4 Bd4 24. Rf1 Rd8 25. Rbe1 Bc3 26. Rd1 Rxd1 27. Rxd1 Bd4 28. Rf1 Rb2 29. Bd1 Kf8 30. Kg2 Ke7 31. Kf3 Kd6 32. Kg2 f6 33. Kf3 Kc7 34. Kg2 Kb7 35. Kh3 Bxf2 36. Kh4 Bd4 37. h3 Bf2 38. Rh1 Kc7 39. Rh2 e5 40. Kh5 e4 41. Kh6 e3 42. Kxh7 Rb1 43. Bf3 Bxg3 44. Rg2 Bxf4 45. Rg7+ Kd6 46. Rxa7 Rf1 {[%emt 0:00:55] normal} 0-1

[Event "GER-ch Youth U12 2019"]
[Site "Willingen"]
[Date "2019.06.15"]
[Round "9.5"]
[White "Breitkopf-Lazar, Patrick-Robert"]
[Black "Hagner, Bennet"]
[Result "0-1"]
[ECO "C50"]
[WhiteElo "1659"]
[BlackElo "1900"]
[Annotator "NA"]
[PlyCount "52"]
[EventDate "2019.06.07"]
[EventType "swiss"]
[EventRounds "9"]
[EventCountry "GER"]
[SourceTitle "playchess.com"]
[Source "ChessBase"]
[SourceQuality "1"]
[TimeControl "40/4500+30:900+30"]

1. e4 e5 2. Nf3 Nc6 3. Bc4 Bc5 4. O-O Nf6 5. d3 d6 6. c3 a5 7. d4 exd4 8. cxd4 Bb6 9. h3 O-O 10. Nc3 Nxe4 11. Nxe4 d5 12. Bb3 dxe4 13. Ng5 Bf5 14. Be3 Bxd4 15. Qc2 a4 16. Bxf7+ Kh8 17. Ne6 Bxe6 18. Bxe6 Qh4 19. Bd5 a3 20. Bxc6 axb2 21. Rab1 Bxe3 22. Bxb7 Rxf2 23. Rxf2 Rf8 24. Qe2 Qxf2+ 25. Qxf2 Rxf2 26. Kh1 Bc1 {[%emt 0:02:41] normal} 0-1

[Event "GER-ch Youth U12 2019"]
[Site "Willingen"]
[Date "2019.06.15"]
[Round "9.6"]
[White "Guo, Philipp Ziming"]
[Black "Metzdorf, Matteo"]
[Result "1/2-1/2"]
[ECO "C11"]
[WhiteElo "1674"]
[BlackElo "1859"]
[Annotator "NA"]
[PlyCount "39"]
[EventDate "2019.06.07"]
[EventType "swiss"]
[EventRounds "9"]
[EventCountry "GER"]
[SourceTitle "playchess.com"]
[Source "ChessBase"]
[SourceQuality "1"]
[TimeControl "40/4500+30:900+30"]

1. e4 e6 2. d4 d5 3. Nc3 Nf6 4. e5 Nfd7 5. f4 c5 6. Nf3 Nc6 7. Be3 a6 8. Qd2 b5 9. dxc5 Bxc5 10. Ne2 Qb6 11. Bxc5 Nxc5 12. Ned4 O-O 13. Nxc6 Qxc6 14. Nd4 Qb6 15. Bd3 Nxd3+ 16. Qxd3 Re8 17. O-O Bd7 18. Kh1 Rac8 19. a3 Rc4 20. c3 {[%emt 0:02:35] normal} 1/2-1/2

[Event "GER-ch Youth U12 2019"]
[Site "Willingen"]
[Date "2019.06.15"]
[Round "9.7"]
[White "Ohler, Julius"]
[Black "Kempe, Caius Emilian"]
[Result "0-1"]
[ECO "D31"]
[WhiteElo "1837"]
[BlackElo "1766"]
[Annotator "NA"]
[PlyCount "117"]
[EventDate "2019.06.07"]
[EventType "swiss"]
[EventRounds "9"]
[EventCountry "GER"]
[SourceTitle "playchess.com"]
[Source "ChessBase"]
[SourceQuality "1"]
[TimeControl "40/4500+30:900+30"]

1. c4 e6 2. Nc3 d5 3. d4 c6 4. Nf3 dxc4 5. e4 b5 6. a4 Bb4 7. Bd2 Bb7 8. axb5 Bxc3 9. Bxc3 cxb5 10. b3 Bxe4 11. bxc4 bxc4 12. Bxc4 Nf6 13. O-O O-O 14. Bb4 Re8 15. Bc5 a5 16. Ne5 Nbd7 17. Bb5 Qc7 18. Nxd7 Nxd7 19. Bxd7 Qxd7 20. Re1 Bd5 21. Qd2 a4 22. h3 Reb8 23. Re3 Bb3 24. Rg3 Rc8 25. Qg5 f5 26. Be7 g6 27. Qf6 Qe8 28. Bc5 Qf7 29. Qe5 Qg7 30. Qd6 Rd8 31. Qf4 Rac8 32. Re1 Rb8 33. Rd3 Rb5 34. Qc1 Bd5 35. Qg5 Ra8 36. Ra3 Bb3 37. Rea1 e5 38. Qe3 Qc7 39. Qxe5 Qxe5 40. dxe5 Rxc5 41. Rxb3 axb3 42. Rxa8+ Kf7 43. Rb8 Rc1+ 44. Kh2 Rb1 45. Rb6 g5 46. g4 f4 47. Kg2 b2 48. e6+ Ke7 49. Kf3 Rh1 50. Rxb2 Rxh3+ 51. Kg2 Rh4 52. f3 h5 53. Rb5 hxg4 54. Rxg5 g3 55. Ra5 Rh2+ 56. Kg1 Rf2 57. Ra3 Kxe6 58. Kh1 Kf5 59. Kg1 {[%emt 0:00:30] normal} 0-1

[Event "GER-ch Youth U12 2019"]
[Site "Willingen"]
[Date "2019.06.15"]
[Round "9.8"]
[White "Haenselmann, Hendrik"]
[Black "Amato, Cristiano"]
[Result "1/2-1/2"]
[ECO "B34"]
[WhiteElo "1819"]
[BlackElo "1800"]
[Annotator "NA"]
[PlyCount "43"]
[EventDate "2019.06.07"]
[EventType "swiss"]
[EventRounds "9"]
[EventCountry "GER"]
[SourceTitle "playchess.com"]
[Source "ChessBase"]
[SourceQuality "1"]
[TimeControl "40/4500+30:900+30"]

1. e4 c5 2. Nf3 Nc6 3. d4 cxd4 4. Nxd4 Nf6 5. Nc3 e5 6. Ndb5 h6 7. Nd6+ Bxd6 8. Qxd6 Qe7 9. Qxe7+ Kxe7 10. f3 d6 11. Be3 Be6 12. O-O-O a6 13. Bb6 Nd7 14. Be3 Nf6 15. Be2 Rhc8 16. Rd2 Na5 17. Rhd1 Rc6 18. Nd5+ Bxd5 19. exd5 Rcc8 20. b3 b5 21. Kb2 {[%emt 0:02:17] normal} b4 {[%emt 0:04:50] normal} 22. Rd3 {[%emt 0:03:13] normal} 1/2-1/2

[Event "GER-ch Youth U12 2019"]
[Site "Willingen"]
[Date "2019.06.15"]
[Round "9.9"]
[White "Meuer, David"]
[Black "Deuer, Marius"]
[Result "0-1"]
[ECO "C47"]
[WhiteElo "1549"]
[BlackElo "1961"]
[Annotator "NA"]
[PlyCount "86"]
[EventDate "2019.06.07"]
[EventType "swiss"]
[EventRounds "9"]
[EventCountry "GER"]
[SourceTitle "playchess.com"]
[Source "ChessBase"]
[SourceQuality "1"]
[TimeControl "40/4500+30:900+30"]

1. e4 e5 2. Nf3 Nc6 3. Nc3 Nf6 4. d4 exd4 5. Nxd4 Bb4 6. Nxc6 bxc6 7. Bd3 d5 8. exd5 O-O 9. O-O cxd5 10. Qf3 c6 11. Bg5 Bd6 12. Rae1 Rb8 13. Nd1 Be6 14. b3 Be7 15. Ne3 g6 16. c4 Rc8 17. Rc1 d4 18. Bxf6 Bxf6 19. Nc2 c5 20. Ne1 Bg5 21. Rd1 Qa5 22. Bb1 Rfe8 23. Qg3 Bd2 24. Nf3 Bh6 25. Qh4 Kg7 26. g4 Bf4 27. Ng5 h6 28. Nxe6+ fxe6 29. Qh3 Qb6 30. Qd3 e5 31. Rfe1 Qe6 32. h3 Rf8 33. Qe4 Rc6 34. Kg2 Qf6 35. Rd3 Be3 36. Rf1 Rb6 37. Rdd1 Bf4 38. Rd3 Qh4 39. Rf3 Rbf6 40. Qb7+ R8f7 41. Qe4 Qg5 42. Rg1 Qh4 43. a3 {normal} Be3 {[%emt 0:00:00] normal} 0-1

[Event "GER-ch Youth U12 2019"]
[Site "Willingen"]
[Date "2019.06.15"]
[Round "9.10"]
[White "Freude, Max"]
[Black "Mueller, Maximilian"]
[Result "1/2-1/2"]
[ECO "C05"]
[WhiteElo "1707"]
[BlackElo "1606"]
[Annotator "NA"]
[PlyCount "42"]
[EventDate "2019.06.07"]
[EventType "swiss"]
[EventRounds "9"]
[EventCountry "GER"]
[SourceTitle "playchess.com"]
[Source "ChessBase"]
[SourceQuality "1"]
[TimeControl "40/4500+30:900+30"]

1. e4 e6 2. d4 d5 3. Nd2 Nf6 4. e5 Nfd7 5. Bd3 c5 6. c3 Nc6 7. Ne2 Qb6 8. Nf3 cxd4 9. cxd4 f6 10. exf6 Nxf6 11. O-O Bd6 12. a3 O-O 13. Qc2 h6 14. Bd2 Bd7 15. Rae1 Rac8 16. Qb1 Rc7 17. Kh1 Rfc8 18. Nf4 Re8 19. Bg6 Re7 20. Be3 Be8 21. Bxe8 Rxe8 {[%emt 0:00:24] normal} 1/2-1/2

[Event "GER-ch Youth U12 2019"]
[Site "Willingen"]
[Date "2019.06.15"]
[Round "9.11"]
[White "Hecht, Jonas Christian"]
[Black "Bock, Marlon"]
[Result "1-0"]
[ECO "C44"]
[WhiteElo "1726"]
[BlackElo "1596"]
[Annotator "NA"]
[PlyCount "42"]
[EventDate "2019.06.07"]
[EventType "swiss"]
[EventRounds "9"]
[EventCountry "GER"]
[SourceTitle "playchess.com"]
[Source "ChessBase"]
[SourceQuality "1"]
[TimeControl "40/4500+30:900+30"]

1. e4 e5 2. Nf3 Nc6 3. d4 exd4 4. Nxd4 Bb4+ 5. c3 Bc5 6. Nxc6 bxc6 7. Bc4 d6 8. O-O Nf6 9. Bg5 h6 10. Bh4 O-O 11. Qf3 g5 12. Bg3 Be6 13. Nd2 Kh8 14. e5 Nh7 15. Qxc6 h5 16. h4 gxh4 17. Bf4 h3 18. Bxe6 fxe6 19. g3 h4 20. b4 hxg3 21. Bxg3 Bb6 {[%emt 0:01:35] normal} 1-0

[Event "GER-ch Youth U12 2019"]
[Site "Willingen"]
[Date "2019.06.15"]
[Round "9.12"]
[White "Bungarten, Jona"]
[Black "Heinrich, John"]
[Result "1-0"]
[ECO "B40"]
[WhiteElo "1642"]
[BlackElo "1695"]
[Annotator "NA"]
[PlyCount "38"]
[EventDate "2019.06.07"]
[EventType "swiss"]
[EventRounds "9"]
[EventCountry "GER"]
[SourceTitle "playchess.com"]
[Source "ChessBase"]
[SourceQuality "1"]
[TimeControl "40/4500+30:900+30"]

1. e4 c5 2. Nf3 e6 3. d4 cxd4 4. c3 dxc3 5. Nxc3 a6 6. Bc4 Ne7 7. Bg5 f6 8. Be3 b5 9. Bb3 Bb7 10. O-O Ng6 11. Qe2 Be7 12. Rfd1 Qa5 13. Rac1 O-O 14. h4 f5 15. exf5 Rxf5 16. Nd4 Rf8 17. h5 Nh4 18. Qg4 Kh8 19. h6 {[%emt 0:01:34] normal} g6 {[%emt 0:05:27] normal} 1-0

[Event "GER-ch Youth U12 2019"]
[Site "Willingen"]
[Date "2019.06.15"]
[Round "9.13"]
[White "Rempe, Jonas"]
[Black "Winkler, Yonathan"]
[Result "1-0"]
[ECO "B28"]
[WhiteElo "1781"]
[BlackElo "1536"]
[Annotator "NA"]
[PlyCount "50"]
[EventDate "2019.06.07"]
[EventType "swiss"]
[EventRounds "9"]
[EventCountry "GER"]
[SourceTitle "playchess.com"]
[Source "ChessBase"]
[SourceQuality "1"]
[TimeControl "40/4500+30:900+30"]

1. e4 c5 2. Nf3 a6 3. Nc3 b5 4. d4 cxd4 5. Nxd4 e5 6. Nb3 Nf6 7. Bd3 Bb7 8. Bg5 Be7 9. Bxf6 Bxf6 10. Qe2 Qc7 11. O-O-O b4 12. Nd5 Bxd5 13. exd5 a5 14. Kb1 a4 15. Nd4 a3 16. Nb5 Qc5 17. d6 Na6 18. Be4 Rb8 19. Rd5 Qb6 20. Bf5 Nc5 21. Nc7+ Kf8 22. Qe3 Na4 23. Rb5 Qxb5 24. Nxb5 Rxb5 25. Qa7 Nc3+ {[%emt 0:00:54] normal} 1-0

[Event "GER-ch Youth U12 2019"]
[Site "Willingen"]
[Date "2019.06.15"]
[Round "9.14"]
[White "Zweigait, Leon"]
[Black "Tomasjan, Samuel"]
[Result "0-1"]
[ECO "A13"]
[WhiteElo "1474"]
[BlackElo "1476"]
[Annotator "NA"]
[PlyCount "40"]
[EventDate "2019.06.07"]
[EventType "swiss"]
[EventRounds "9"]
[EventCountry "GER"]
[SourceTitle "playchess.com"]
[Source "ChessBase"]
[SourceQuality "1"]
[TimeControl "40/4500+30:900+30"]

1. Nf3 Nf6 2. c4 e6 3. g3 d5 4. Bg2 dxc4 5. Qa4+ Nbd7 6. Na3 a6 7. O-O c6 8. Qxc4 Bxa3 9. bxa3 Qc7 10. Bb2 b5 11. Qc2 Bb7 12. Rac1 Rc8 13. d4 Nb6 14. Ne5 Nfd7 15. Bxc6 O-O 16. Be4 Qxc2 17. Bxc2 Nxe5 18. dxe5 Nc4 19. Bd4 {[%emt 0:00:00] normal} Rfd8 20. e3 {[%emt 0:00:00] normal} Nd2 {[%emt 0:02:44] normal} 0-1

[Event "GER-ch Youth U12 2019"]
[Site "Willingen"]
[Date "2019.06.15"]
[Round "9.15"]
[White "Schwartz, Oliver"]
[Black "Krueger, Arthur"]
[Result "1/2-1/2"]
[ECO "C54"]
[WhiteElo "1616"]
[BlackElo "1613"]
[Annotator "NA"]
[PlyCount "51"]
[EventDate "2019.06.07"]
[EventType "swiss"]
[EventRounds "9"]
[EventCountry "GER"]
[SourceTitle "playchess.com"]
[Source "ChessBase"]
[SourceQuality "1"]
[TimeControl "40/4500+30:900+30"]

1. e4 e5 2. Nf3 Nc6 3. Bc4 Bc5 4. c3 Nf6 5. d3 d6 6. Bb3 h6 7. Nbd2 O-O 8. h3 Be6 9. Bc2 a5 10. Nf1 Ne7 11. g4 Nh7 12. Ng3 Ng6 13. Nh5 Ng5 14. Bxg5 hxg5 15. a3 Nh4 16. d4 Nxf3+ 17. Qxf3 exd4 18. O-O-O dxc3 19. Qxc3 f6 20. f3 b5 21. Qd2 Qe8 22. Qd3 Bc4 23. Qc3 Qe5 24. Qd2 Rfb8 25. h4 a4 26. hxg5 {[%emt 0:01:15] normal} 1/2-1/2